 Dungeon Crawl Stone Soup version 0.30-a0-777-ga9a30cbeda (console) character file.

Game seed: 6492459091560397224

79 rlgrobin the Insei (level 4, -7/35 HPs)
             Began as a Mummy Monk on Feb 15, 2023.
             Mangled by an orc priest
             ... wielding a +0 flail
              (10 damage)
             ... on level 4 of the Dungeon.
             The game lasted 00:04:19 (2373 turns).

rlgrobin the Insei (Mummy Monk)                     Turns: 2373, Time: 00:04:20

Health: -7/35      AC:  2    Str: 14    XL:     4   Next: 17%
Magic:  4/4        EV: 12    Int:  9    God:
Gold:   205        SH:  0    Dex: 16    Spells: 3/3 levels left

rFire   x . .      SeeInvis .      - Unarmed
rCold   + . .      Faith    +    (no shield)
rNeg    + + +      Spirit   .    (no body armour)
rPois   ∞          Reflect  .    (no helmet)
rElec   .          Harm     .    (no cloak)
rCorr   .          Rampage  +    (no gloves)
Will    .....                    d - +1 pair of boots {rampage}
Stlth   ++                       (no amulet)
HPRegen 0.25/turn                (no ring)
MPRegen 0.09/turn                (no ring)

@: no status effects
A: cold resistance 1, negative energy resistance 3, torment resistance 2, heat
vulnerability 1, in touch with death 1, no potions, faith
a: no special abilities


You were on level 4 of the Dungeon.
You visited 1 branch of the dungeon, and saw 4 of its levels.

You collected 205 gold pieces.

Inventory:

Armour
 d - a +1 pair of boots of rampaging (worn)
Scrolls
 a - 4 scrolls of torment {unknown}
 b - a scroll of identify {unknown}
 c - a scroll of enchant armour {unknown}
 e - a scroll of teleportation {unknown}
 f - a scroll of fog {unknown}


   Skills:
 - Level 3.0 Fighting
 - Level 2.4 Dodging
 - Level 2.1 Stealth
 + Level 4.0 Unarmed Combat


You had 3 spell levels left.
You didn't know any spells.
Your spell library was empty.

Dungeon Overview and Level Annotations

Branches:
Dungeon (4/15)
 Temple: D:4-7

Altars:
Xom

Annotations:
D:2 Jessica
D:3 Sigmund


Innate Abilities, Weirdness & Mutations

You are immune to poison.
Your flesh is cold resistant. (rC+)
You are immune to negative energy. (rN+++)
You are immune to unholy pain and torment.
You are vulnerable to heat. (rF-)
You are in touch with the powers of death.
You do not drink.
You have a special connection with the divine. (Faith)


Message History

You start waiting.
An orc comes into view. It is wielding a +0 hand axe.
You start waiting.
An orc is nearby!
An orc is nearby!
The orc shouts!
The orc priest invokes the aid of Beogh against you.
Beogh smites you!
You start resting.
An orc is nearby!
You hit the orc. You punch the orc.
The orc is severely wounded.
The orc barely misses you.
You hit the orc.
You kill the orc!
Your Unarmed Combat skill increases to level 4!
You start resting.
An orc priest is nearby!
You hit the orc priest but do no damage.
The orc priest hits you with a +0 flail.
You are too injured to fight recklessly!
You are too injured to fight recklessly!
You hit the orc priest but do no damage.
The orc priest hits you with a +0 flail!
* * * LOW HITPOINT WARNING * * *
You hit the orc priest.
The orc priest is lightly wounded.
The orc priest closely misses you.
You hit the orc priest but do no damage.
The orc priest is lightly wounded.
The orc priest hits you with a +0 flail.
* * * LOW HITPOINT WARNING * * *
You hit the orc priest.
The orc priest is lightly wounded.
The orc priest hits you with a +0 flail.
* * * LOW HITPOINT WARNING * * *
You hit the orc priest but do no damage.
The orc priest is lightly wounded.
The orc priest hits you with a +0 flail!
You die...

........o.....#
......#.......#
......#.......#
......#....o..#
......##......##
...#########...#
#### ###.#
#.#### #.o@.##
####..########.
##.......>..
###########


You could see an orc priest.

Vanquished Creatures
  3 adders
  A worm (D:3)
  A dart slug (D:1)
  An orc (D:4)
  5 endoplasms
  3 giant cockroaches
  3 hobgoblins
  2 quokkas (D:2)
  4 ball pythons
  4 bats
  4 frilled lizards
  5 goblins
  5 kobolds
  6 rats
47 creatures vanquished.

Notes
Turn   | Place    | Note
-------+----------+-------------------------------------------
     0 | D:1      | rlgrobin the Mummy Monk began the quest for the Orb.
     0 | D:1      | Reached XP level 1. HP: 18/18 MP: 1/1
   278 | D:1      | Reached XP level 2. HP: 24/24 MP: 2/2
   689 | D:2      | Reached skill level 3 in Unarmed Combat
   738 | D:2      | Gained mutation: You are in touch with the powers of death.
                  | [Mummy growth]
   738 | D:2      | Reached XP level 3. HP: 27/29 MP: 3/3
  1096 | D:2      | Noticed Jessica
  1738 | D:3      | Reached XP level 4. HP: 16/35 MP: 4/4
  1819 | D:3      | Identified the +1 leather armour of Inwamm {+Inv}
  1888 | D:3      | Found a shimmering altar of Xom.
  1978 | D:3      | Noticed Sigmund
  2366 | D:4      | Reached skill level 4 in Unarmed Combat
  2373 | D:4      | Mangled by an orc priest

Illustrated notes

Levels and vault maps discovered:
D:1:      minmay_arrival_four_loops, layout_basic, minmay_crystal_room
D:2:      layout_loops_cross, uniq_jessica
D:3:      layout_rooms, brannock_xom_greatest_gift, uniq_sigmund
D:4:      layout_basic, grunt_gozag_statues, dk_yredelemnul_ordeal,
          mainiacjoe_overflow_alcove_4, nicolae_titane

Skill      XL: |  1  2  3  4 |
---------------+-------------+-----
Stealth        | 2 |  2.1
Unarmed Combat | 3 4 |  4.0
Fighting       | |  3.0
Dodging        | |  2.4

Action                     |  1- 3 |  4- 6 || total
---------------------------+-------+-------++-------
  Melee: Unarmed           |   159 |    19 ||   178
         Punch             |     3 |     2 ||     5
   Stab: Sleeping          |     7 |     2 ||     9
         Distracted        |     1 |       ||     1
 Armour: Skin              |    12 |     3 ||    15
  Dodge: Dodged            |    74 |     6 ||    80

Table legend: (Time is in decaauts)
 A = Elapsed time spent in this place.
 B = Non-inter-level travel time spent in this place.
 C = Inter-level travel time spent in this place.
 D = Time resting spent in this place.
 E = Time spent auto-exploring this place.
 F = Levels seen in this place.
 G = Mean time per level.
                   A        B        C        D        E       F      G
               +--------+--------+--------+--------+--------+-----+--------+
         Total |   2361 |   2263 |     98 |    473 |   1280 |   4 |  590.2 |
       Dungeon |   2361 |   2263 |     98 |    473 |   1280 |   4 |  590.2 |
               +--------+--------+--------+--------+--------+-----+--------+

Top non-repeatable levels by time:
     D:2: 1060 daAuts
     D:1: 614 daAuts
     D:3: 568 daAuts
     D:4: 118 daAuts
